AoeStats
← dlvm

Oasis

507964746Analyzed
4v4 RM · 13d ago on Sep 20, 2026· 22m 50s· 8 players
Game mode
Random Map
Map size
Large (8 player)
Population
200
Speed
Normal
Resources
Standard
Victory
Conquest
Starting age
Dark Age
Ending age
Imperial Age
RankedLock teamsTeams togetherTeam positionsShared explorationLock speedFull tech treeHidden civsTurbo modeCheats
Victory
Defeat
🇳🇱 Maya · Netherlands
1135
+11
🇳🇱 Poles · Netherlands
1073
+13
1066
+14
1031
+15
🇧🇬 Teutons · Bulgaria
1036
-14
🇨🇳 Khmer · China
1020
-13
🇹🇼 Georgians · Taiwan
1000
-40
🇫🇷 Chinese · France
1000
-40
novko
1:44 Loom
11:43 Feudal Age
13:15 Double-Bit Axe
19:28 Castle Age
22:30 Bloodlines
兩倍糖
11:43 Feudal Age
13:06 Double-Bit Axe
VGrobot9508
aoc2020
5:39 Loom
12:53 Feudal Age
15:43 Castle Age
14:41 Double-Bit Axe
14:40 Horse Collar
15:18 Stone Mining
dlvm
8:52 Loom
11:43 Feudal Age
16:28 Castle Age
15:02 Bloodlines
16:29 Scale Barding Armor
16:35 Forging
17:18 Double-Bit Axe
17:36 Horse Collar
19:09 Husbandry
21:13 Scale Mail Armor
21:52 Iron Casting
[SAPR] Superbanana
0:28 Loom
14:26 Feudal Age
15:53 Fletching
15:52 Double-Bit Axe
16:07 Gold Mining
17:21 Padded Archer Armor
17:13 Town Watch
25:10 Castle Age
[SAPR] BONKBERT DE BATATENHATER
8:19 Loom
11:01 Feudal Age
13:02 Double-Bit Axe
12:46 Man-at-Arms
13:28 Arson
15:03 Long Swordsman
17:17 Double-Bit Axe
19:47 Wheelbarrow
20:41 Horse Collar
21:35 Scale Mail Armor
21:40 Gold Mining
21:52 Stone Mining
[SAPR] BAATBERT DE PATATENBONKER
8:02 Loom
11:55 Feudal Age
16:13 Castle Age
15:20 Double-Bit Axe
17:37 Padded Archer Armor
Connection lost

Rejoining the realm…

Still unreachable

The connection could not be restored.

Session expired

The server has moved on; the page needs a fresh start.